 Dungeon Crawl Stone Soup version 0.21.1-1-g345015f (webtiles) character file.

291 mrmercer the Slasher (level 6, -8/79 HPs)
             Began as a Draconian Berserker on July 3, 2018.
             Was a Believer of Trog.
             Mangled by shugdite's ghost (15 damage)
             ... on level 4 of the Dungeon.
             The game lasted 00:12:53 (2050 turns).

mrmercer the Slasher (Draconian Berserker)          Turns: 2050, Time: 00:12:53

Health: -8/79      AC:  9    Str: 26    XL:     6   Next: 10%
Magic:  6/6        EV: 14    Int:  8    God:    Trog [**....]
Gold:   137        SH:  0    Dex: 10    Spells: 5/5 levels left

rFire    + . .     SeeInvis .   s - +0 long sword
rCold    + . .     Gourm    .   (no shield)
rNeg     . . .     Faith    .   (armour unavailable)
rPois    +         Spirit   .   (helmet restricted)
rElec    +         Reflect  .   (no cloak)
rCorr    +         Harm     .   k - +1 pair of gloves
MR       .....                  z - +0 pair of boots
Stlth    ..........             (no amulet)
HPRegen  0.23/turn              u - +1 ring of evasion
MPRegen  0.10/turn              (no ring)

@: berserking, resistant, flying, very quick
A: unfitting armour, cold-blooded, AC +6
a: Berserk, Trog's Hand, Burn Spellbooks, Renounce Religion


You were on level 4 of the Dungeon.
You worshipped Trog.
Trog was pleased with you.
You were hungry.

You visited 1 branch of the dungeon, and saw 4 of its levels.

You collected 137 gold pieces.

Inventory:

Hand Weapons
 a - a +0 falchion
 s - a +0 long sword (weapon)
 x - the cursed +3 dagger "Gapryqus" {freeze, +Inv rElec Dex-4, unknown}
   (You found it on level 4 of the Dungeon)

   It has been specially enchanted to freeze those struck by it, causing extra
   injury to most foes and up to half again as much damage against particularly
   susceptible opponents.
   It can also slow down cold-blooded creatures.
   It affects your dexterity (-4).
   It insulates you from electricity.
   It lets you turn invisible.
   It has a curse placed upon it.
Armour
 k - a +1 pair of gloves (worn)
 z - a +0 pair of boots (worn)
Jewellery
 u - a +1 ring of evasion (left hand)
 y - an uncursed ring of protection from cold {unknown}
Scrolls
 f - a scroll of remove curse
 g - 2 scrolls of blinking {unknown}
 i - a scroll of enchant weapon {unknown}
 m - 2 scrolls of immolation {unknown}
 n - a scroll of magic mapping {unknown}
 o - a scroll of fog {unknown}
 r - a scroll of amnesia {unknown}
 v - a scroll of enchant armour {unknown}
Potions
 c - 2 potions of curing
 d - a potion of flight
 e - a potion of resistance
 h - a potion of lignification {unknown}
 j - 4 potions of mutation {unknown}
 l - 2 potions of degeneration {unknown}
 q - a potion of agility {unknown}
 t - a potion of heal wounds {unknown}
 w - a potion of ambrosia {unknown}
Comestibles
 b - 8 rations
 p - 6 chunks of flesh


   Skills:
 + Level 4.4 Fighting
 + Level 5.3 Long Blades
 + Level 3.7 Dodging
 + Level 1.4 Stealth


You had 5 spell levels left.
You didn't know any spells.

Dungeon Overview and Level Annotations

Branches:
Dungeon (4/15)
 Temple: D:4-7

Altars:
Elyvilon
Ru
Trog
Vehumet
The Shining One

Annotations:
D:4 Edmund; shugdite's ghost, novice MiFi


Innate Abilities, Weirdness & Mutations

Your plain brown scales are hard. (AC +6)
You cannot fit into any form of body armour.
You are cold-blooded and may be slowed by cold attacks.


Message History

You hit Edmund.
Edmund is heavily wounded.
Edmund hits you with a flail of holy wrath!
* * * LOW HITPOINT WARNING * * *
It was a potion of flight.
You feel very buoyant.
You fly up into the air.
Edmund misses you.
You see here a dagger.
Edmund misses you.
It was a potion of resistance.
You feel protected.
Shugdite's ghost hits you but does no damage.
A red film seems to cover your vision as you go berserk!
You feel yourself moving faster!
You feel mighty!
You are feeling hungry.
Shugdite's ghost hits you!
* * * LOW HITPOINT WARNING * * *
You are too berserk!
You closely miss shugdite's ghost. Shugdite's ghost hits you!
You die...

###..##....#
####.......##.###
..................
.#####..#####...##
#..### #...
##....## ## #
####...#..##
..##......##W@###
#....###@####@..#
....###.# ###.#
..#...#.### .. .
#....)..# #..
#.......# ..
#.......# .
#.......#
#.......#
#########


You could see Edmund and shugdite's ghost.

Vanquished Creatures
  An ogre (D:4)
  A hound (D:4)
  An orc priest (D:4)
  An orc wizard (D:3)
  A hound skeleton (D:4)
  4 adders
  An ooze (D:2)
  An adder skeleton (D:2)
  2 worms (D:4)
  A leopard gecko (D:4)
  3 orcs
  4 ball pythons
  6 bats
  4 giant cockroaches
  4 goblins
  9 hobgoblins
  3 jackals
  5 kobolds
  A quokka (D:3)
  3 frilled lizards
  A leopard gecko skeleton (D:4)
  7 rats
  2 plants (D:1)
66 creatures vanquished.

Notes
Turn   | Place    | Note
-------+----------+-------------------------------------------
     0 | D:1      | mrmercer the Draconian Berserker began the quest for the Orb.
     0 | D:1      | Reached XP level 1. HP: 19/19 MP: 1/1
   243 | D:1      | Reached XP level 2. HP: 26/26 MP: 2/2
  1068 | D:2      | Reached XP level 3. HP: 30/31 MP: 3/3
  1072 | D:2      | Reached ** piety under Trog
  1113 | D:2      | Found a white marble altar of Elyvilon.
  1166 | D:2      | Found a glowing golden altar of the Shining One.
  1375 | D:2      | Found a bloodstained altar of Trog.
  1719 | D:3      | Found a radiant altar of Vehumet.
  1752 | D:3      | Found a sacrificial altar of Ru.
  1758 | D:3      | Reached skill level 4 in Long Blades
  1758 | D:3      | Reached skill level 1 in Stealth
  1758 | D:3      | Reached XP level 4. HP: 35/40 MP: 4/4
  1952 | D:4      | Noticed an ogre
  1962 | D:4      | Killed an ogre
  1962 | D:4      | Reached XP level 5. HP: 46/46 MP: 5/5
  1964 | D:4      | Reached skill level 5 in Long Blades
  1985 | D:4      | Got a dazzling dagger
  2017 | D:4      | Reached XP level 6. HP: 36/53 MP: 6/6
  2019 | D:4      | Noticed Edmund
  2033 | D:4      | Noticed shugdite's ghost (novice MiFi)
  2050 | D:4      | Mangled by shugdite's ghost

Skill      XL: |  1  2  3  4  5 |
---------------+----------------+-----
Dodging        | 3 |  3.7
Long Blades    | 4 5 |  5.3
Stealth        | 1 |  1.4
Fighting       | 4 |  4.4

Action                   |  1- 3 |  4- 6 || total
-------------------------+-------+-------++-------
Melee: Falchion          |   115 |       ||   115
       Tailslap          |    26 |     8 ||    34
       Long sword        |    37 |    56 ||    93
Invok: Berserk           |     1 |     2 ||     3
  Use: Scroll            |     2 |     1 ||     3
       Potion            |       |     3 ||     3
 Stab: Sleeping          |     3 |       ||     3
  Eat: Ration            |     1 |       ||     1
       Chunk             |       |     2 ||     2
Armor: Skin              |    25 |    13 ||    38
Dodge: Dodged            |    81 |    48 ||   129
       Rpst.: Falchion   |    19 |       ||    19
       Long sword        |     4 |    17 ||    21
